 Dungeon Crawl Stone Soup version 0.32-a0-898-g7811c86cf0 (webtiles) character file.

Game seed: 7818910631621548950

6077 Ijustatesigmund the Magician (level 10, -11/65 HPs)
             Began as an Octopode Conjurer on Apr 3, 2024.
             Was an Elder of Cheibriados.
             Mangled by Urug
             ... wielding a +6 heavy battleaxe
              (38 damage)
             ... on level 10 of the Dungeon on Apr 4, 2024.
             The game lasted 00:25:01 (13641 turns).

Ijustatesigmund the Magician (Octopode Conjurer)   Turns: 13641, Time: 00:25:04

Health: -11/65     AC:  1    Str: 15    XL:     10   Next: 88%
Magic:  25/29      EV: 16    Int: 39    God:    Cheibriados [****..]
Gold:   463        SH:  0    Dex: 20    Spells: 15/22 levels left

rFire   . . .        B - +3 flail
rCold   . . .        (no shield)
rNeg    . . .        (helmet restricted)
rPois   .            (no amulet)
rElec   .            o - ring of flight
rCorr   .            t - ring of magical power
SInv    .            (no ring)
Will    .....        (no ring)
Stlth   +++          (no ring)
HPRegen 0.30/turn    (no ring)
MPRegen 0.21/turn    (no ring)
                     (no ring)

%: no passive effects
@: flying, very slow
A: almost no armour, amphibious, 8 rings, camouflage 1, gelatinous body 1,
(nimble swimmer 1), tentacles, clever 1, persistent drain
a: Renounce Religion, Bend Time, Temporal Distortion, Slouch


You were on level 10 of the Dungeon.
You worshipped Cheibriados.
Cheibriados was greatly pleased with you.
You visited 2 branches of the dungeon, and saw 11 of its levels.

You collected 463 gold pieces.

Inventory:

Hand Weapons
 k - a +0 war axe
 B - a +3 flail (weapon)
Jewellery
 o - a ring of flight (left tentacle)
 t - a ring of magical power (right tentacle)
Wands
 c - a wand of paralysis (3)
 z - a wand of acid (6)
Scrolls
 b - a scroll of enchant armour {unknown}
 f - a scroll of amnesia {unknown}
 g - a scroll of poison
 j - a scroll of teleportation {unknown}
 l - a scroll of butterflies {unknown}
 m - a scroll of immolation
 n - a scroll of silence {unknown}
 p - a scroll of torment {unknown}
 w - a scroll of fear {unknown}
 y - a scroll of revelation {unknown}
Potions
 a - a potion of magic
 d - 4 potions of invisibility
 e - 3 potions of heal wounds
 h - a potion of attraction
 i - a potion of brilliance {unknown}
 q - 2 potions of ambrosia
 r - 5 potions of lignification
 s - 2 potions of might
 u - 2 potions of berserk rage
 v - 3 potions of enlightenment
 x - 5 potions of mutation
 A - 2 potions of curing {unknown}


   Skills:
 + Level 4.6 Fighting
 - Level 3.7 Maces & Flails
 - Level 6.2 Dodging
 - Level 2.6 Stealth
 + Level 6.8 Spellcasting
 + Level 6.2 Conjurations
 - Level 6.4 Translocations
 + Level 6.0 Invocations
 - Level 6.3 Evocations


You had 15 spell levels left.
You knew the following spells:

 Your Spells              Type           Power      Damage    Failure   Level
a - Magic Dart            Conj           100%       1d8       1%          1
b - Searing Ray           Conj           100%       2d8       1%          2
c - Iskenderun's Mystic   Conj/Tloc      58%        2d12      (+2d61%     4

Your spell library contained the following spells:

 Spells                   Type           Power      Damage    Failure   Level
 Apportation              Tloc           100%       N/A       1%          1
 Necrotise                Necr           52%        1d6       2%          1
 Volatile Blastmotes      Fire/Tloc      76%        2d16      2%          3
 Jinxbite                 Hex            26%        N/A       4%          2
 Vampiric Draining        Necr           13%        2d6       8%          3
 Fulminant Prism          Conj/Alch      18%        3d10      8%          4
 Martyr's Knell           Necr/Summ      13%        N/A       26%         4
 Alistair's Intoxication  Alch           8%         N/A       58%         5
 Curse of Agony           Necr           13%        N/A       58%         5


Dungeon Overview and Level Annotations

Branches:
Dungeon (10/15)            Temple (1/1) D:4            Lair (0/5) D:8
    Orc: D:9-12

Altars:
Ashenzari
Cheibriados
Dithmenos
Elyvilon
Gozag
Hepliaklqana
Kikubaaqudgha
Qazlal
Ru
Sif Muna
Trog
Uskayaw
Wu Jian
Xom
Yredelemnul
The Shining One

Shops:
D:8 :

Annotations:
D:10 Urug


Innate Abilities, Weirdness & Mutations

You cannot wear most types of armour.
You are amphibious.
You can wear up to eight rings at the same time.
Your skin changes colour to match your surroundings (Stealth+).
Your rubbery body absorbs attacks. (AC +1, EV +1)
((You are camouflaged when in or above water. (Stealth+)))
You have tentacles for arms and can constrict up to eight enemies at once.
Your mind is acute. (Int +4, Str/Dex -1)
Your health recovers twice as slowly from being drained.


Message History

You constrict the orc warrior!
You kill the orc warrior!
Things that are here:
a +0 arbalest; a +0 battleaxe; a +0 plate armour
z - a wand of acid (6)
You start resting.
Magic restored.
You start resting.
HP restored.
You start waiting.
Done waiting.
You see here 3 stones.
You now have 463 gold pieces (gained 13).
You reach down and open the door.
There is an open door here.
You reach down and open the door.
There is an open door here.
Found a quarterstaff.
You see here a +0 quarterstaff.
You reach down and open the door.
There is an open door here.
Urug the Orcish Ballista comes into view.
She is wielding a +6 heavy battleaxe and quivering silver javelins.
Okay, then.
Found a book of Flames.
The helpless Urug fails to defend herself.
You hit Urug. You grab Urug. You squeeze Urug, but do no damage.
Urug is lightly wounded.
You constrict Urug.
Urug hits you with a +6 heavy battleaxe!!!
Ouch! That really hurt!
Casting: Iskenderun's Mystic Blast (dangerous; 1% risk of failure)
Confirm with . or Enter, or press ? or * to list all spells.
You erupt in a blast of force!
The mystic blast hits Urug!
Urug is lightly wounded.
You constrict Urug.
Urug hits you with a +6 heavy battleaxe!!!
Ouch! That really hurt!
You die...
Urug says, "One more harpy dead."
Cheibriados appreciates the motionlessness of death.

###..## ###...##
#...### #.### ###
#'######## ..#
...#.....# ..#
.###.###.########..#
...#.#.).'......#..#
.#.#.#.#.######.@..#
.#...#.#.# ###o.#
.#####.#.# ..... .#
..#.# ....... .#
###.# ^...... .# ..#
...:... # ###
#######


You could see Urug.

Vanquished Creatures
  A two-headed ogre (D:9)
  An elephant (D:8)
  A yak (D:8)
  Eustachio (D:4)
  2 steam dragons
  An acid dragon (D:9)
  2 water moccasins
  6 black bears
  An ice beast (D:6)
  3 ogres
  3 orc warriors
  3 centaurs
  3 phantoms
  A kobold brigand (D:8)
  A bullfrog (D:8)
  7 scorpions
  10 wights
  4 killer bees (D:7)
  3 howler monkeys (D:9)
  A bombardier beetle (D:4)
  5 jellies
  2 orc priests
  2 gnoll boudas (D:9)
  3 hounds
  2 sleepcaps (D:5)
  14 orc wizards
  4 iguanas
  12 gnolls
  6 adders
  2 shadow imps
  3 white imps
  An ufetubus (D:6)
  2 ribbon worms
  5 dart slugs
  41 orcs
  10 endoplasms
  5 giant cockroaches
  10 goblins
  10 hobgoblins
  8 jackals
  3 quokkas
  9 ball pythons
  11 bats
  3 frilled lizards
  8 kobolds
  2 rats (D:1)
  A spectral goblin (D:1)
239 creatures vanquished.

Notes
Turn   | Place    | Note
-------+----------+-------------------------------------------
     0 | D:1      | Ijustatesigmund the Octopode Conjurer began the quest for
                  | the Orb.
     0 | D:1      | Reached XP level 1. HP: 11/11 MP: 3/3
   210 | D:1      | Found a faded altar of an unknown god.
   296 | D:1      | Reached XP level 2. HP: 13/18 MP: 0/5
   299 | D:1      | Learned a level 2 spell: Searing Ray
   469 | D:1      | Reached skill level 1 in Fighting
   678 | D:1      | Reached XP level 3. HP: 10/23 MP: 0/6
  1487 | D:2      | Reached XP level 4. HP: 29/29 MP: 1/8
  1601 | D:2      | Learned a level 4 spell: Iskenderun's Mystic Blast
  1888 | D:2      | Reached XP level 5. HP: 34/34 MP: 6/9
  2038 | D:2      | Reached skill level 1 in Translocations
  3283 | D:4      | Noticed an ogre
  3290 | D:4      | Killed an ogre
  3291 | D:4      | Reached XP level 6. HP: 39/39 MP: 4/11
  3763 | D:4      | Found a staircase to the Ecumenical Temple.
  3769 | Temple   | Found a transporter.
  3769 | Temple   | Found a transporter.
  3769 | Temple   | Found a transporter.
  3769 | Temple   | Found a transporter.
  3769 | Temple   | Entered the Ecumenical Temple
  3789 | Temple   | Became a worshipper of Cheibriados the Contemplative
  4143 | D:4      | Reached skill level 1 in Invocations
  4229 | D:4      | Noticed Eustachio
  4240 | D:4      | Killed Eustachio
  4241 | D:4      | Reached XP level 7. HP: 42/45 MP: 9/13
  4454 | D:5      | Entered Level 5 of the Dungeon
  4592 | D:5      | Reached * piety under Cheibriados
  4907 | D:5      | Reached skill level 5 in Spellcasting
  5046 | D:5      | Reached XP level 8. HP: 50/50 MP: 16/16
  5287 | D:5      | Reached skill level 5 in Translocations
  5704 | D:5      | Upgraded the game from 0.32-a0-891-gc41d80381e to
                  | 0.32-a0-898-g7811c86cf0
  6204 | D:6      | Reached skill level 1 in Maces & Flails
  6361 | D:6      | Reached skill level 5 in Conjurations
  6590 | D:6      | Reached ** piety under Cheibriados
  6659 | D:6      | Reached XP level 9. HP: 52/57 MP: 16/18
  6671 | D:6      | Reached skill level 5 in Invocations
  7774 | D:6      | Found a broken altar of Ashenzari.
  8282 | D:7      | Gained mutation: Your muscles are strong. (Str +4, Int/Dex
                  | -1) [potion of mutation]
  8282 | D:7      | Gained mutation: Your health recovers twice as slowly from
                  | being drained. [potion of mutation]
  8282 | D:7      | Lost mutation: Your muscles are strong. (Str +4, Int/Dex
                  | -1) [potion of mutation]
  8282 | D:7      | Gained mutation: Your mind is acute. (Int +4, Str/Dex -1)
                  | [potion of mutation]
  8289 | D:7      | Reached *** piety under Cheibriados
  9868 | D:8      | Reached XP level 10. HP: 64/65 MP: 20/20
  9889 | D:8      | Reached skill level 1 in Evocations
 10052 | D:8      | Noticed an elephant
 10071 | D:8      | Killed an elephant
 10306 | D:8      | Found a staircase to the Lair.
 10413 | D:8      | Found Cinach's Vocational Training.
 11763 | D:8      | Reached **** piety under Cheibriados
 12418 | D:9      | Found a glowing golden altar of the Shining One.
 12553 | D:9      | Noticed a two-headed ogre
 12562 | D:9      | Killed a two-headed ogre
 12563 | D:9      | Reached skill level 5 in Dodging
 12563 | D:9      | Reached skill level 5 in Evocations
 12613 | D:10     | Entered Level 10 of the Dungeon
 12615 | D:10     | Noticed a seven-headed hydra
 13121 | D:9      | Found a white marble altar of Elyvilon.
 13633 | D:10     | Noticed Urug
 13641 | D:10     | Mangled by Urug

Illustrated notes

Levels and vault maps discovered:
D:1:      roderic_dead_forest, layout_rooms,
          dreamdust_ecumenical_altar_drowned_temple
D:2:      wad_river_or_something, layout_basic, minmay_pentomino_v2
D:3:      layout_loops_ring
D:4:      layout_loops_ring, minmay_temple_entry_statues_pillars, uniq_eustachio
D:5:      layout_loops_ring
D:6:      minmay_octagon_keep, layout_basic, evilmike_ruin_ashenzari
D:7:      layout_gridville
D:8:      layout_gridville, grunt_lair_entry_orc_guard_hut,
          nicolae_shop_vocational
D:9:      old_forge, layout_cave_pools, nicolae_tso_carved_into_rock,
          lemuel_crystal_altar
D:10:     layout_roguey, minitemple, hiddenorc1_lemuel,
          kb_lookout_dungeons_type, uniq_urug
Temple:   hellmonk_temple_divided_pantheon

Skill      XL: |  1  2  3  4  5  6  7  8  9 10 |
---------------+-------------------------------+-----
Fighting       | 1 2 3 4 |  4.6
Spellcasting   | 3 4 5 6 |  6.8
Translocations | 2 3 4 5 6 |  6.4
Invocations    | 2 3 4 6 |  6.0
Maces & Flails | 1 3 |  3.7
Conjurations   | 5 6 |  6.2
Evocations     | 6 |  6.3
Dodging        | 6 |  6.2
Stealth        | |  2.6

Action                     |  1- 3 |  4- 6 |  7- 9 | 10-12 || total
---------------------------+-------+-------+-------+-------++-------
  Melee: Unarmed           |     6 |       |       |       ||     6
         Short sword       |    20 |       |       |       ||    20
         Tentacles         |     6 |     8 |    19 |    12 ||    45
         Constrict         |     5 |     9 |    14 |    17 ||    45
         War axe           |       |    24 |     7 |       ||    31
         Flail             |       |       |    49 |    40 ||    89
   Cast: Magic Dart        |    60 |   104 |    73 |    22 ||   259
         Searing Ray       |       |     7 |    28 |     3 ||    38
         Iskenderun's Myst |       |       |    28 |    40 ||    68
  Evoke: Wand              |       |       |     2 |     9 ||    11
    Use: Scroll            |     3 |     2 |     9 |     1 ||    15
         Potion            |       |       |     2 |     1 ||     3
   Stab: Sleeping          |       |     3 |     4 |     1 ||     8
         Paralysed         |       |       |       |     3 ||     3
 Armour: Skin              |    17 |    21 |    95 |    63 ||   196
  Dodge: Dodged            |    20 |    25 |    75 |    55 ||   175

Table legend: (Time is in decaauts)
 A = Elapsed time spent in this place.
 B = Non-inter-level travel time spent in this place.
 C = Inter-level travel time spent in this place.
 D = Time resting spent in this place.
 E = Time spent auto-exploring this place.
 F = Levels seen in this place.
 G = Mean time per level.
                   A        B        C        D        E       F      G
               +--------+--------+--------+--------+--------+-----+--------+
         Total |  15481 |  15162 |    319 |   5308 |   8288 |  11 | 1407.4 |
       Dungeon |  15437 |  15119 |    318 |   5308 |   8288 |  10 | 1543.7 |
        Temple |     43 |     43 |      0 |      0 |      0 |   1 |   43.0 |
               +--------+--------+--------+--------+--------+-----+--------+

Top non-repeatable levels by time:
     D:8: 2641 daAuts
     D:6: 2319 daAuts
     D:7: 1967 daAuts
     D:5: 1854 daAuts
     D:9: 1440 daAuts
     D:4: 1281 daAuts
     D:2: 1224 daAuts
     D:1: 1115 daAuts
     D:3: 933 daAuts
    D:10: 660 daAuts
  Temple: 43 daAuts
